 Dungeon Crawl Stone Soup version 0.30-a0-165-g1891117ce2 (webtiles) character file.

Game seed: 7745215457928415727

3904 ryw the Ducker (level 10, -2/73 (76) HPs)
             Began as a Demonspawn Monk on Sept 29, 2022.
             Was a Priest of Dithmenos.
             Slain by a yak (6 damage)
             ... summoned by Maurice
             ... while paralysed by Maurice
             ... on level 8 of the Dungeon.
             The game lasted 00:29:35 (12260 turns).

ryw the Ducker (Demonspawn Monk)                   Turns: 12260, Time: 00:29:35

HP:   -2/73 (76)    AC:  7    Str: 15    XL:     10   Next: 0%
MP:   15/15         EV:  2    Int: 22    God:    Dithmenos [***...]
Gold: 0             SH:  0    Dex: 16    Spells: 11/16 levels left

rFire   + . .      SeeInvis .    G - +3 mace of Dismemberment {speed, rPois rF+ Str+4 Stlth+}
rCold   . . .      Faith    .    (no shield)
rNeg    . . .      Spirit   .    a - +0 robe
rPois   +          Reflect  .    h - +1 helmet
rElec   .          Harm     .    (no cloak)
rCorr   .          Rampage  .    d - +0 pair of gloves
Will    .....                    p - +1 pair of boots
Stlth   +++++.....               (no amulet)
HPRegen 0.22/turn                k - +6 ring of intelligence
MPRegen 0.14/turn                l - +4 ring of evasion

@: paralysed, wreathed by umbra, lightly drained
A: condensation shield, demonic magic 1
a: Renounce Religion, Shadow Step


You were on level 8 of the Dungeon.
You worshipped Dithmenos.
Dithmenos was most pleased with you.
You visited 2 branches of the dungeon, and saw 9 of its levels.
You also visited: Ossuary.

You collected 207 gold pieces.
You spent 207 gold pieces at shops.

Inventory:

Hand Weapons
 B - a +4 dagger of venom
 G - the +3 mace of Dismemberment (weapon) {speed, rPois rF+ Str+4 Stlth+}
   (You found it on level 8 of the Dungeon)

   Attacks with this weapon are significantly faster.
   Str:       It affects your strength (+4).
   rF:        It protects you from fire.
   rPois:     It protects you from poison.
   Stlth:     It makes you more stealthy.
Missiles
 e - 93 stones (quivered)
 u - 3 poisoned darts
 v - 5 curare-tipped darts
Armour
 a - a +0 robe (worn)
 d - a +0 pair of gloves (worn)
 h - a +1 helmet (worn)
 p - a +1 pair of boots (worn)
Magical Staves
 r - a staff of air
Jewellery
 k - a +6 ring of intelligence (left hand)
 l - a +4 ring of evasion (right hand)
 q - a ring of poison resistance
 C - a ring of see invisible
Wands
 m - a wand of light (5)
Scrolls
 c - 3 scrolls of teleportation
 s - 3 scrolls of amnesia
 E - a scroll of identify
Potions
 b - 2 potions of ambrosia
 f - 2 potions of brilliance
 i - 2 potions of berserk rage
 j - a potion of haste
 n - a potion of flight
 o - 5 potions of curing
 t - 4 potions of lignification
 x - a potion of might
 z - a potion of mutation
 A - 4 potions of heal wounds
 D - a potion of attraction


   Skills:
 + Level 6.3 Fighting
 - Level 7.0 Short Blades
 * Level 0.0 Maces & Flails
 + Level 7.3 Dodging
 + Level 4.4 Stealth
 - Level 2.6 Unarmed Combat
 - Level 3.8 Spellcasting
 + Level 5.0 Necromancy


You had 11 spell levels left.
You knew the following spells:

 Your Spells              Type           Power      Damage    Failure   Level
a - Ensorcelled Hibernat  Hex/Ice        8%         N/A       17%         2
b - Vampiric Draining     Necr           26%        2d7       4%          3

Your spell library contained the following spells:

 Spells                   Type           Power      Damage    Failure   Level
 Necrotise                Necr           100%       1d9       1%          1
 Kiss of Death            Conj/Necr      60%        2d10      4%          1
 Sandblast                Erth           8%         2d5       12%         1
 Dispel Undead            Necr           26%        3d13      14%         4
 Passwall                 Tmut/Erth      3%         N/A       17%         2
 Confusing Touch          Hex            4%         N/A       34%         3
 Hailstorm                Conj/Ice       4%         3d4       34%         3
 Spider Form              Tmut/Pois      4%         N/A       34%         3
 Stone Arrow              Conj/Erth      8%         3d7       34%         3
 Anguish                  Hex/Necr       7%         N/A       38%         4
 Agony                    Necr           26%        N/A       38%         5
 Animate Armour           Summ/Erth      8%         N/A       75%         4
 Lightning Bolt           Conj/Air       2%         1d13      97%         5
 Lehudib's Crystal Spear  Conj/Erth      2%         10d2      100%        8
 Chain Lightning          Conj/Air       2%         3d2       100%        9


Dungeon Overview and Level Annotations

Branches:
Dungeon (8/15)             Temple (1/1) D:5         Ossuary (visited)
   Lair: D:8-11

Altars:
Ashenzari
Cheibriados
Dithmenos
Fedhas
Gozag
Hepliaklqana
Kikubaaqudgha
Makhleb
Nemelex Xobeh
Okawaru
Qazlal
Ru
Sif Muna
Trog
Uskayaw
Vehumet
Wu Jian
Xom
Yredelemnul

Shops:
D:8 (([:

Annotations:
D:7 2 transporters, bande's ghost, novice HOFi
D:8 Maurice


Innate Abilities, Weirdness & Mutations

A meltable shield of frost defends you. (SH +4)
Spells you cast may paralyse adjacent enemies.


Message History

You closely miss Maurice.
Maurice is moderately wounded.
Maurice misses you.
You closely miss Maurice.
Maurice is moderately wounded.
Maurice mumbles some strange words.
Maurice flickers and vanishes!
Deactivating autopickup; reactivate with Ctrl-A.
You hit something.
Wisps of shadow swirl around something.
You hit something. Something hits you!
Something steals your +6 ring of intelligence!
You thump something! The yak gores you! Something hits you but does no damage.
You closely miss something. You block the yak's attack. Something hits you.
Something steals 9 of your 12 poisoned darts!
You barely miss something. The yak gores you. Something hits you.
Something steals 247 gold pieces!
You now have 0 gold pieces.
You closely miss something. You block the yak's attack.
You closely miss something. The yak barely misses you.
You hit something.
You hear some strange, mumbled words.
The yak gores you but does no damage.
You miss something. You block something's attack. The yak misses you.
You closely miss something.
You hear a zap.
You suddenly lose the ability to move!
The yak gores you.
You hear some strange, mumbled words.
The yak gores you but does no damage. Something hits you.
Something steals 2 of your 3 potions of might!
The yak gores you. The yak gores you! Something hits you!
* * * LOW HITPOINT WARNING * * *
Something steals 1 of your 4 scrolls of teleportation!
The yak gores you.
* * * LOW HITPOINT WARNING * * *
You hear a zap.
Something tries to affect you, but you resist.
The yak gores you.
You die...

########.# ### #........# ##
≈≈# #.#####..# .##### ≈≈#
#..# ..
.....##≈≈#####.#####..###...
..##...≈≈...................
..####.≈≈.####.#####...##..#
..#♣♣♣.≈≈.♣♣♣#Y####.....# #
.##♣...≈≈...♣#Y{@Y.....## .#
♣.∩.≈≈.♣.♣########.## .#
♣...≈≈...♣ .# .# ♣.⌠.≈≈.∩.♣
.# .##♣...≈≈...♣ +#
#.#♣.∩.≈≈.♣.♣ ..#♣...≈≈...♣
#.#♣♣♣.≈≈.♣♣♣ #.####.≈≈.#


You could see 3 yaks.

Vanquished Creatures
  Psyche (D:8)
  Sigmund (D:3)
  Eustachio (D:5)
  A wyvern (D:6)
  Menkaure (D:7)
  2 orc warriors
  2 ice beasts
  An ogre (D:4)
  4 centaurs
  2 phantoms (D:5)
  2 bullfrogs (D:7)
  9 scorpions
  9 wights
  5 killer bees (D:7)
  2 howler monkeys
  An electric eel (D:8)
  3 centaur zombies (Ossuary)
  4 orc priests
  A jelly (D:5)
  2 hounds
  2 iguanas
  3 scorpion zombies (Ossuary)
  An orc wizard (D:5)
  3 mummies (Ossuary)
  15 adders
  An ufetubus (D:7)
  A worm (D:2)
  A dart slug (D:4)
  38 orcs
  3 endoplasms (D:1)
  3 giant cockroaches
  6 gnoll zombies (Ossuary)
  6 goblins
  5 hobgoblins
  6 jackals (D:2)
  8 quokkas
  5 ball pythons
  3 bats
  2 frilled lizards
  4 goblin zombies (Ossuary)
  2 hobgoblin zombies (Ossuary)
  6 kobolds
  2 kobold zombies (Ossuary)
  An orc zombie (Ossuary)
  8 rats
189 creatures vanquished.

Notes
Turn   | Place    | Note
-------+----------+-------------------------------------------
     0 | D:1      | ryw the Demonspawn Monk began the quest for the Orb.
     0 | D:1      | Reached XP level 1. HP: 18/18 MP: 1/1
   368 | D:1      | Gained mutation: Spells you cast may paralyse adjacent
                  | enemies. [demonic ancestry]
   368 | D:1      | Reached XP level 2. HP: 24/24 MP: 2/2
   822 | D:1      | Found a faded altar of an unknown god.
  1612 | D:2      | Reached XP level 3. HP: 28/30 MP: 3/3
  1709 | D:2      | Learned a level 1 spell: Necrotise
  1871 | D:2      | Reached skill level 1 in Short Blades
  2704 | D:3      | Reached skill level 1 in Necromancy
  2704 | D:3      | Reached XP level 4. HP: 32/37 MP: 5/5
  2799 | D:3      | Reached skill level 1 in Spellcasting
  3757 | D:3      | Noticed Sigmund
  3774 | D:3      | Reached XP level 5. HP: 39/42 MP: 3/6
  3904 | D:3      | Killed Sigmund
  3905 | D:3      | Reached XP level 6. HP: 36/48 MP: 3/7
  4467 | D:4      | Found a sand-covered staircase.
  4473 | Ossuary  | Entered an ossuary
  4882 | Ossuary  | Reached XP level 7. HP: 42/54 MP: 8/8
  5251 | Ossuary  | Reached skill level 5 in Dodging
  5765 | Ossuary  | Reached skill level 5 in Short Blades
  6171 | D:4      | Got Poang's Anthology of the Salvo and Transmigration
  6473 | D:4      | Gained mutation: A meltable shield of frost defends you.
                  | (SH +4) [demonic ancestry]
  6473 | D:4      | Reached XP level 8. HP: 60/60 MP: 9/9
  7277 | D:4      | Learned a level 2 spell: Ensorcelled Hibernation
  7281 | D:4      | Learned a level 3 spell: Vampiric Draining
  7298 | D:5      | Entered Level 5 of the Dungeon
  7745 | D:5      | Found a staircase to the Ecumenical Temple.
  7751 | Temple   | Entered the Ecumenical Temple
  7853 | Temple   | Became a worshipper of Dithmenos the Shadowed
  7853 | Temple   | Reached * piety under Dithmenos
  7853 | Temple   | Reached ** piety under Dithmenos
  8383 | D:6      | Noticed Eustachio
  8730 | D:5      | Killed Eustachio
  8974 | D:6      | Reached skill level 5 in Fighting
  9184 | D:6      | Reached XP level 9. HP: 58/68 MP: 13/13
  9378 | D:6      | Found a sparkling altar of Nemelex Xobeh.
  9514 | D:7      | Noticed Menkaure
  9552 | D:7      | Killed Menkaure
 10663 | D:7      | Found a transporter.
 10664 | D:7      | Found a bloodstained altar of Trog.
 10665 | D:7      | Noticed bande's ghost (novice HOFi)
 10666 | D:7      | Noticed a moth of wrath
 10671 | D:7      | Found a transporter.
 10988 | D:8      | Found Nahag's Antique Weapon Emporium.
 10991 | D:8      | Bought a brightly glowing scimitar for 207 gold pieces
 10991 | D:8      | Identified the +3 scimitar of Vengeance {vorpal, MP+9 Str+2
                  | Stlth+} (You bought it in a shop on level 8 of the Dungeon)
 11178 | D:8      | Found Teengis's Book Shoppe.
 11180 | D:8      | Found Soapifua's Weapon Boutique.
 11180 | D:8      | Found Syfotsui's Armour Boutique.
 11278 | D:8      | Noticed Psyche
 11294 | D:8      | Killed Psyche
 11461 | D:8      | Reached *** piety under Dithmenos
 11669 | D:8      | Identified the +3 mace of Dismemberment {speed, rPois rF+
                  | Str+4 Stlth+}
 12015 | D:8      | Reached skill level 5 in Necromancy
 12039 | D:8      | Reached XP level 10. HP: 47/73 MP: 15/15
 12231 | D:8      | Noticed Maurice
 12234 | D:8      | Paralysed by Maurice for 3 turns
 12255 | D:8      | Paralysed by something for 5 turns
 12260 | D:8      | Slain by a yak

Illustrated notes

Levels and vault maps discovered:
D:1:      lightli_arrival_statue_moat, layout_loops_cross,
          ebering_ecumenical_altar_abandoned
D:2:      layout_basic
D:3:      layout_basic, uniq_sigmund
D:4:      layout_loops_corners, nicolae_ossuary_entry_plus,
          minmay_misc_feat_alley
D:5:      layout_cave_pools, minmay_temple_entry_wispy
D:6:      layout_rooms, mainiacjoe_overflow_alcove_4, uniq_eustachio
D:7:      nicolae_whirlpool, layout_rooms, gammafunk_ghost_wrathful_warriors,
          enter_bailey_3, uniq_menkaure
D:8:      layout_loops_corners, serial_shops, nicolae_stop_n_shop_2,
          minmay_misc_feat_chi, grunt_ministairs_9, nicolae_eternal_life,
          nicolae_wooded_promenade, uniq_psyche, uniq_maurice
Temple:   nicolae_temple_bog_church

Skill      XL: |  1  2  3  4  5  6  7  8  9 |
---------------+----------------------------+-----
Fighting       | 4 5 6 |  6.3
Short Blades   | 1 2 3 4 5 6 7 |  7.0
Necromancy     | 1 3 5 |  5.0
Spellcasting   | 1 2 3 |  3.8
Dodging        | 3 4 6 7 |  7.3
Stealth        | 3 4 |  4.4
Unarmed Combat | |  2.6

Action                   |  1- 3 |  4- 6 |  7- 9 | 10-12 || total
-------------------------+-------+-------+-------+-------++-------
Melee: Unarmed           |    97 |       |       |       ||    97
       Punch             |     3 |    10 |    16 |       ||    29
       Short sword       |    81 |   179 |   227 |       ||   487
       Dagger            |       |       |   529 |       ||   529
       Mace              |       |       |       |    19 ||    19
Throw: Stone             |       |     5 |     3 |       ||     8
 Cast: Necrotise         |       |    20 |     5 |       ||    25
       Vampiric Draining |       |       |     3 |       ||     3
       Ensorcelled Hiber |       |       |     1 |       ||     1
  Use: Potion            |       |       |     8 |       ||     8
       Scroll            |       |       |    17 |     2 ||    19
 Stab: Sleeping          |     7 |     2 |     7 |       ||    16
       Paralysed         |       |     4 |       |       ||     4
Armor: Robe              |    34 |    24 |    90 |     4 ||   152
       Skin              |       |       |     7 |       ||     7
Dodge: Dodged            |    78 |    62 |   451 |     7 ||   598
Block: Other             |       |       |    79 |     4 ||    83

Table legend: (Time is in decaauts)
 A = Elapsed time spent in this place.
 B = Non-inter-level travel time spent in this place.
 C = Inter-level travel time spent in this place.
 D = Time resting spent in this place.
 E = Time spent auto-exploring this place.
 F = Levels seen in this place.
 G = Mean time per level.
                   A        B        C        D        E       F      G
               +--------+--------+--------+--------+--------+-----+--------+
         Total |  11868 |  11579 |    289 |   3154 |   6356 |  10 | 1186.8 |
       Dungeon |  10274 |   9998 |    276 |   2163 |   6149 |   8 | 1284.2 |
        Temple |    129 |    116 |     13 |      0 |     44 |   1 |  129.0 |
       Ossuary |   1465 |   1465 |      0 |    991 |    163 |   1 | 1465.0 |
               +--------+--------+--------+--------+--------+-----+--------+

Top non-repeatable levels by time:
     D:3: 1665 daAuts
 Ossuary: 1465 daAuts
     D:7: 1443 daAuts
     D:2: 1368 daAuts
     D:5: 1346 daAuts
     D:1: 1341 daAuts
     D:8: 1222 daAuts
     D:4: 1201 daAuts
     D:6: 684 daAuts
  Temple: 129 daAuts
